AoeStats
← Sweet vendeta

African Clearing

510464306Analyzed
4v4 RM · 21h ago on Oct 1, 2026· 55m 13s· 8 players
Game mode
Random Map
Map size
Large (8 player)
Population
200
Speed
Normal
Resources
Standard
Victory
Conquest
Starting age
Dark Age
Ending age
Imperial Age
RankedLock teamsTeams togetherTeam positionsShared explorationLock speedFull tech treeHidden civsTurbo modeCheats
Victory
Defeat
🇲🇽 Mongols · Mexico
1199
+13
🇲🇽 Persians · Mexico
1188
+13
🇲🇽 Malay · Mexico
1109
+18
🇲🇽 Romans · Mexico
1095
+17
🇨🇳 Georgians · China
1143
-16
🇨🇴 Magyars · Colombia
1143
-16
🇲🇽 Maya · Mexico
1123
-15
🇲🇽 Chinese · Mexico
1099
-14
Sweet vendeta
3:28 Loom
13:37 Feudal Age
14:10 Town Watch
14:14 Double-Bit Axe
19:03 Castle Age
17:17 Stone Mining
18:02 Fletching
24:57 Horse Collar
28:42 Bodkin Arrow
29:26 Padded Archer Armor
30:36 Wheelbarrow
30:23 Heavy Plow
34:08 Imperial Age
33:11 Town Patrol
33:41 Hand Cart
35:02 Bracer
35:18 Leather Archer Armor
35:10 Thumb Ring
35:33 Conscription
37:24 Ring Archer Armor
37:37 Bow Saw
38:13 Ballistics
38:54 Chemistry
38:35 Gold Mining
39:34 Masonry
39:20 Murder Holes
40:36 Great Wall
42:25 Gold Shaft Mining
42:26 Stone Shaft Mining
42:58 Two-Man Saw
42:58 Architecture
42:39 Fortified Wall
45:18 Cavalier
45:58 Husbandry
46:09 Bloodlines
46:21 Forging
46:17 Scale Barding Armor
47:49 Iron Casting
50:05 Blast Furnace
49:26 Chain Barding Armor
49:07 Scale Mail Armor
48:52 Capped Ram
52:06 Elite Chu Ko Nu
54:00 Sappers
54:34 Guard Tower
55:22 Plate Barding Armor
55:02 Chain Mail Armor
54:34 Light Cavalry
[ GMEX ] Uhtred the Uhtred
7:34 Loom
13:57 Feudal Age
19:50 Castle Age
18:37 Fletching
18:59 Double-Bit Axe
21:29 Bodkin Arrow
21:56 Bow Saw
26:31 Wheelbarrow
29:59 Thumb Ring
37:26 Imperial Age
34:45 Horse Collar
36:44 Padded Archer Armor
37:51 Leather Archer Armor
37:59 Gold Mining
38:58 Ballistics
39:38 Chemistry
39:22 Stone Mining
39:48 Bracer
39:23 Elite Plumed Archer
40:24 Conscription
41:39 Ring Archer Armor
42:23 Eagle Warrior
44:09 Elite Eagle Warrior
44:54 Scale Mail Armor
47:02 Chain Mail Armor
47:54 Squires
48:08 Forging
51:38 Plate Mail Armor
51:26 Arson
52:19 Iron Casting
56:04 Blast Furnace
Caosp(A)nk
7:50 Loom
15:46 Feudal Age
16:25 Man-at-Arms
18:08 Arson
19:34 Scale Mail Armor
25:40 Fletching
28:31 Castle Age
27:58 Scale Barding Armor
28:05 Bloodlines
35:59 Husbandry
36:30 Gold Mining
38:56 Horse Collar
40:42 Chain Barding Armor
46:55 Town Watch
zhaoxiang19980
4:45 Loom
12:35 Feudal Age
13:40 Double-Bit Axe
20:20 Castle Age
19:58 Wheelbarrow
20:10 Fishing Lines
21:57 Horse Collar
22:39 Bow Saw
23:09 Gillnets
26:24 Town Watch
27:38 Horse Collar
32:48 Imperial Age
31:12 Hand Cart
33:16 Scale Barding Armor
33:22 Forging
33:32 Svan Towers
34:08 Conscription
35:00 Hoardings
35:47 Town Patrol
36:38 Guard Tower
37:09 Ballistics
37:50 Chemistry
36:47 Murder Holes
37:58 Bloodlines
37:49 Husbandry
38:21 Fletching
39:04 Chain Barding Armor
39:20 Iron Casting
38:13 Cavalier
39:01 Bodkin Arrow
40:32 Gold Mining
42:30 Bracer
44:25 Masonry
45:18 Stone Mining
46:03 Chain Barding Armor
48:52 Plate Barding Armor
48:53 Iron Casting
48:19 Bracer
50:23 Stone Shaft Mining
51:02 Keep
54:51 Blast Furnace
54:02 Onager
DavidMC117
8:19 Loom
14:55 Feudal Age
19:53 Forging
19:49 Scale Barding Armor
22:13 Castle Age
21:59 Bloodlines
22:02 Forging
21:57 Scale Barding Armor
27:13 Town Watch
41:38 Wheelbarrow
47:39 Hand Cart
47:26 Town Patrol
50:18 Imperial Age
48:51 Horse Collar
49:00 Double-Bit Axe
49:07 Gold Mining
49:51 Husbandry
49:56 Cavalier
51:26 Iron Casting
50:56 Scale Barding Armor
52:16 Bow Saw
52:44 Gold Shaft Mining
51:50 Savar
55:42 Blast Furnace
55:03 Chain Barding Armor
TxSoyLealxT
10:33 Loom
13:18 Feudal Age
16:57 Castle Age
16:59 Wheelbarrow
16:08 Horse Collar
18:34 Double-Bit Axe
19:56 Bow Saw
25:19 Heavy Plow
26:59 Padded Archer Armor
27:34 Fletching
30:10 Gold Mining
30:12 Stone Mining
30:51 Hand Cart
31:20 Bodkin Arrow
31:52 Bloodlines
32:19 Husbandry
32:35 Leather Archer Armor
33:50 Ballistics
37:14 Imperial Age
39:00 Chemistry
38:05 Siege Engineers
38:10 Bracer
37:42 Capped Ram
38:46 Conscription
39:32 Drill
38:35 Heavy Scorpion
38:37 Siege Ram
39:33 Elite Mangudai
53:47 Murder Holes
Canek
4:36 Loom
9:27 Loom
14:35 Feudal Age
19:43 Castle Age
17:56 Double-Bit Axe
18:51 Man-at-Arms
20:08 Bow Saw
20:24 Long Swordsman
23:03 Stone Mining
23:05 Gold Mining
24:13 Horse Collar
27:04 Heavy Plow
31:39 Forging
31:32 Pikeman
32:17 Thalassocracy
33:23 Iron Casting
33:46 Squires
37:37 Imperial Age
35:42 Wheelbarrow
37:05 Hand Cart
36:40 Halberdier
37:42 Conscription
38:41 Crop Rotation
38:48 Husbandry
38:36 Arson
41:46 Blast Furnace
40:37 Fletching
40:52 Scale Barding Armor
45:54 Elite Battle Elephant
46:47 Bodkin Arrow
46:53 Padded Archer Armor
49:53 Stone Shaft Mining
49:57 Gold Shaft Mining
52:44 Forced Levy
54:30 Leather Archer Armor
arq_lobo
11:48 Loom
13:56 Feudal Age
20:28 Castle Age
20:07 Double-Bit Axe
26:04 Fishing Lines
32:11 Ballistics
31:59 Ballistas
32:33 Wheelbarrow
33:01 Bow Saw
34:16 Fletching
39:13 Imperial Age
38:03 Bodkin Arrow
38:11 Padded Archer Armor
39:42 Hand Cart
39:17 Town Watch
39:42 Heavy Scorpion
40:58 Horse Collar
41:28 Gold Mining
41:29 Stone Mining
43:32 Chemistry
42:29 Murder Holes
44:02 Gold Shaft Mining
46:29 Leather Archer Armor
46:25 Forging
46:21 Scale Barding Armor
46:22 Heavy Plow
49:14 Iron Casting
49:02 Comitatenses
51:56 Elite Centurion
56:31 Blast Furnace
55:52 Chain Barding Armor
Connection lost

Rejoining the realm…

Still unreachable

The connection could not be restored.

Session expired

The server has moved on; the page needs a fresh start.